 Dungeon Crawl Stone Soup version 0.18-a0-987-g0b0e4e7 (webtiles) character file.

319 gorblad the Sneak (level 6, -6/48 HPs)
             Began as a Demigod Assassin on Jan 3, 2016.
             Mangled by an ogre
             ... wielding a +0 giant spiked club
              (30 damage)
             ... on level 4 of the Dungeon.
             The game lasted 00:07:44 (2950 turns).

gorblad the Sneak (Demigod Assassin)                Turns: 2950, Time: 00:07:44

Health: -6/48      AC:  3    Str: 14    XL:     6   Next: 0%
Magic:  8/8        EV: 16    Int: 15    God:
Gold:   205        SH:  0    Dex: 21    Spells: 0 memorised, 5 levels left

rFire  . . .     SeeInvis .     n - +2 short sword (venom)
rCold  . . .     Gourm    .     c - +0 robe
rNeg   + . .     Faith    .     (no shield)
rPois  .         Spirit   .     (no helmet)
rElec  .         Dismiss  .     d - +0 cloak
rCorr  .         Reflect  .     (no gloves)
SustAt +         Harm     .     (no boots)
MR     .....                    (no amulet)
Stlth  +++.......               (no ring)
                                i - ring of positive energy

@: lethally poisoned (-6 -> -8), not resistant to hostile enchantments, fairly
stealthy
A: high mp 1, sustain attributes
a: no special abilities


You were on level 4 of the Dungeon.
You were hungry.

You visited 1 branch of the dungeon, and saw 4 of its levels.

You collected 205 gold pieces.

Inventory:

Hand Weapons
 a - a +2 dagger
 b - a +0 blowgun
 n - a +2 short sword of venom (weapon)
Missiles
 e - 22 poisoned needles
 f - 2 curare-tipped needles
Armour
 c - a +0 robe (worn)
 d - a +0 cloak (worn)
Jewellery
 i - a ring of positive energy (left hand)
Scrolls
 h - 2 scrolls of remove curse
 p - a scroll of identify
Potions
 j - a potion of brilliance
 k - 2 potions of curing
 o - a potion of flight {unknown}
Comestibles
 g - 3 bread rations
 l - 2 meat rations
 m - a beef jerky


   Skills:
 - Level 1.7 Fighting
 - Level 1.7 Short Blades
 - Level 1.7 Throwing
 * Level 4.5 Dodging
 + Level 5.3 Stealth


You had 5 spell levels left.
You didn't know any spells.

Dungeon Overview and Level Annotations

Branches:
Dungeon (4/15)
 Temple: D:4-7


Innate Abilities, Weirdness & Mutations

You have an increased reservoir of magic (+10% MP).
Your attributes are resistant to harm.


Message History

The adder poisons you!
You hit the ogre.
The ogre looks even sicker.
The ogre is moderately wounded.
You feel sick. The adder barely misses you.
The ogre hits you with a giant spiked club!!
You hit the ogre.
The ogre is moderately wounded.
The adder misses you. The ogre barely misses you. The adder misses you.
You puncture the ogre!
The ogre is severely wounded.
You feel sick. The adder barely misses you.
You hit the ogre but do no damage.
The ogre is severely wounded.
The ogre misses you. The adder barely misses you.
You hit the ogre but do no damage.
The ogre is severely wounded.
The adder barely misses you.
The ogre hits you with a giant spiked club!!
Ouch! That really hurt!
You die...

### #.# #.. #.#
############## #.#
#............###.#
#.####..####......
#@# #### #######
#SOh.....
#hh.#..#. #.....
.. #...#..
#........
########## ### #.#
####.##
#.###......


You could see an ogre, an adder and 3 jackals.

Vanquished Creatures
  An ogre (D:4)
  A jelly (D:3)
  A centaur skeleton (D:4)
  A worker ant (D:4)
  8 adders
  An ooze (D:1)
  2 worms
  5 giant geckos
  A ball python (D:1)
  10 bats
  4 giant cockroaches
  3 goblins
  6 hobgoblins
  5 jackals (D:1)
  2 quokkas (D:3)
  6 giant newts
  13 kobolds
  7 rats
77 creatures vanquished.

Notes
Turn   | Place    | Note
--------------------------------------------------------------
     0 | D:1      | gorblad the Demigod Assassin began the quest for the Orb.
     0 | D:1      | Reached XP level 1. HP: 17/17 MP: 3/3
    34 | D:1      | Reached skill level 1 in Dodging
    57 | D:1      | Found a shattered altar of Ashenzari.
   520 | D:1      | Reached XP level 2. HP: 24/24 MP: 4/4
   648 | D:1      | Reached skill level 4 in Stealth
  1042 | D:2      | Found a radiant altar of Vehumet.
  1045 | D:2      | Reached XP level 3. HP: 29/29 MP: 5/5
  1423 | D:2      | Reached XP level 4. HP: 27/36 MP: 6/6
  1438 | D:2      | Found a shimmering altar of Xom.
  1441 | D:2      | Found a shattered altar of Ashenzari.
  1441 | D:2      | Found an iron altar of Okawaru.
  1443 | D:2      | Found a snail-covered altar of Cheibriados.
  1443 | D:2      | Found a sparkling altar of Nemelex Xobeh.
  2121 | D:3      | Reached XP level 5. HP: 30/41 MP: 7/7
  2602 | D:4      | Reached skill level 5 in Stealth
  2662 | D:4      | Noticed an ogre
  2675 | D:4      | Killed an ogre
  2675 | D:4      | Reached XP level 6. HP: 31/48 MP: 8/8
  2839 | D:4      | Found a basalt altar of Yredelemnul.
  2950 | D:4      | Mangled by an ogre

Vault maps used:
D:1:      scummos_arrival_simple_crosswalls, nicolae_ashenzari_panopticon
D:2:      overflow_temple_1_default, grunt_temple_overflow_open, first_bread
D:3:      serial_glass, glass_columns_a, glass_columns_a, glass_columns_a,
          glass_columns_a, glass_columns_c, glass_columns_b, glass_columns_c,
          glass_columns_b
D:4:      lemuel_round_altar, columned_hall_lemuel

Action                   |  1- 3 |  4- 6 || total
-------------------------+-------+-------++-------
Melee: Dagger            |    66 |       ||    66
       Short sword       |    53 |    83 ||   136
  Use: Scroll            |     2 |     2 ||     4
       Potion            |       |     2 ||     2
 Stab: Sleeping          |    11 |    12 ||    23
  Eat: Chunk             |     2 |     4 ||     6
